 Dungeon Crawl Stone Soup version 0.28.0 (webtiles) character file.

Game seed: 17512690670636939744

81 SnakkuSnakku7 the Scholar of Death (level 4, -8/39 HPs)
             Began as a Tengu Enchanter on Feb 5, 2022.
             Was a Follower of Kikubaaqudgha.
             Killed by divine providence
             ... invoked by an orc priest
              (12 damage)
             ... on level 3 of the Dungeon.
             The game lasted 00:03:16 (2125 turns).

SnakkuSnakku7 the Scholar of Death (TeEn)           Turns: 2125, Time: 00:03:16

Health: -8/39      AC: 22    Str:  8    XL:     4   Next: 40%
Magic:  8/8        EV:  2    Int: 18    God:    Kikubaaqudgha [*.....]
Gold:   106        SH:  0    Dex: 14    Spells: 4/7 levels left

rFire   . . .      SeeInvis .   a - +1 dagger
rCold   . . .      Faith    .   (no shield)
rNeg    . . .      Spirit   .   (armour currently unavailable)
rPois   +          Reflect  .   (helmet currently unavailable)
rElec   .          Harm     .   (cloak currently unavailable)
rCorr   .          Rampage  .   (gloves currently unavailable)
Will    .....      NoTele   +   (boots unavailable)
Stlth   +.........              (no amulet)
HPRegen 0.13/turn               (no ring)
MPRegen 0.11/turn               (no ring)

@: confused, tree-form, invisible
A: stationary, stasis, torment immunity, boosted hp, (beak), (talons 3)
a: Renounce Religion, Receive Corpses


You were on level 3 of the Dungeon.
You worshipped Kikubaaqudgha.
Kikubaaqudgha was aware of your devotion.
You were a tree.
You visited 1 branch of the dungeon, and saw 3 of its levels.

You collected 106 gold pieces.

Inventory:

Hand Weapons
 a - a +1 dagger (weapon)
Armour
 b - a +0 robe (melded)
 f - a +0 pair of gloves (melded)
Magical Staves
 j - a staff of cold
Jewellery
 e - an amulet of faith
Scrolls
 h - 4 scrolls of identify {unknown}
 i - a scroll of noise {unknown}
 k - a scroll of teleportation {unknown}
Potions
 d - 3 potions of lignification


   Skills:
 - Level 2.0 Fighting
 - Level 1.1 Short Blades
 - Level 2.1 Dodging
 - Level 3.0 Stealth
 - Level 2.0 Spellcasting
 - Level 2.1 Hexes
 + Level 3.4 Necromancy


You had 4 spell levels left.
You knew the following spells:

 Your Spells              Type           Power      Damage    Failure   Level
a - Vampiric Draining     Necr           14%        2d7       13%         3

Your spell library contained the following spells:

 Spells                   Type           Power      Damage    Failure   Level
 Animate Skeleton         Necr           28%        N/A       4%          1
 Sublimation of Blood     Necr           14%        N/A       7%          2
 Corpse Rot               Necr/Air       16%        N/A       14%         2
 Ensorcelled Hibernation  Hex/Ice        10%        N/A       17%         2
 Confusing Touch          Hex            9%         N/A       22%         3
 Tukima's Dance           Hex            9%         N/A       22%         3
 Blink                    Tloc           2%         N/A       26%         2
 Dazzling Flash           Conj/Hex       10%        N/A       34%         3
 Manifold Assault         Tloc           1%         N/A       99%         5
 Storm Form               Tmut/Air       0%         N/A       100%        7


Dungeon Overview and Level Annotations

Branches:
Dungeon (3/15)

Altars:
Kikubaaqudgha


Innate Abilities, Weirdness & Mutations

You are a tree.
Your roots penetrate the ground, keeping you stationary.
You cannot be teleported.
You are immune to unholy pain and torment.
Your maximum health is greatly increased.
Your equipment is partially melded.
((You have a beak for a mouth.))
((You have claws for feet.))


Message History

You start resting.
Kikubaaqudgha will no longer protect you from necromantic miscasts or death curses.
A rat comes into view.
A rat is nearby!
The helpless rat fails to defend itself.
You puncture the rat!
You kill the rat!
Kikubaaqudgha accepts your kill.
Found 20 stones.
Casting: Vampiric Draining (quite dangerous; 13% risk of failure)
Confirm with . or Enter, or press ? or * to list all spells.
Okay, then.
You see here 20 stones.
Found 11 stones.
You now have 97 gold pieces (gained 12).
You now have 106 gold pieces (gained 9). 2 orcs come into view.
The orc shouts!
An orc wizard comes into view. It is wielding a +0 dagger.
There are monsters nearby!
An orc priest comes into view. It is wielding a +0 mace.
The orc shouts!
The orc priest shouts!
The orc priest calls down the wrath of Beogh upon you.
Beogh smites you!
Ouch! That really hurt!
The orc wizard casts a spell at you.
You are confused.
It was a potion of lignification.
You turn into a tree.
Your +0 pair of gloves melds into your body.
Your +0 robe melds into your body.
Your roots penetrate the ground.
The orc priest invokes the aid of Beogh against you.
Beogh smites you!
* * * LOW HITPOINT WARNING * * *
It was a potion of magic.
Magic courses through your body.
The orc priest hits you but does no damage.
You fade into invisibility!
The orc priest invokes the aid of Beogh against you.
Beogh smites you!
You die...
Kikubaaqudgha rasps: "You have failed me!
Welcome... death!" # #.## # .##... .# .#...##. ...... #.... .oo

#o# #o###.#
#.♣...# #.#####
#######.#######
#...........(.#
#.###.#.#.###.#
#.#.#.# #.#
#.#.#.# #.#
#.....# #.#
#.....###.# ###


You could see an orc priest, an orc wizard and an orc.

Vanquished Creatures
  3 adders
  2 dart slugs
  A worm (D:2)
  4 ball pythons
  4 bats
  5 endoplasms
  2 giant cockroaches
  3 goblins (D:2)
  3 hobgoblins (D:1)
  3 jackals (D:1)
  4 quokkas
  5 kobolds
  4 rats
43 creatures vanquished.

Notes
Turn   | Place    | Note
-------+----------+-------------------------------------------
     0 | D:1      | SnakkuSnakku7 the Tengu Enchanter began the quest for the
                  | Orb.
     0 | D:1      | Reached XP level 1. HP: 10/10 MP: 4/4
   105 | D:1      | Reached skill level 1 in Fighting
   122 | D:1      | Reached XP level 2. HP: 16/16 MP: 6/6
   285 | D:1      | Found a faded altar of an unknown god.
   315 | D:1      | Prayed at the altar of an unknown god.
   315 | D:1      | Became a worshipper of Kikubaaqudgha
   315 | D:1      | Reached * piety under Kikubaaqudgha
   315 | D:1      | Received a gift from Kikubaaqudgha
   444 | D:1      | Reached skill level 1 in Necromancy
   593 | D:1      | Reached XP level 3. HP: 17/21 MP: 7/7
   597 | D:1      | Learned a level 3 spell: Vampiric Draining
  1496 | D:2      | Reached ** piety under Kikubaaqudgha
  1598 | D:2      | Reached XP level 4. HP: 26/26 MP: 8/8
  2125 | D:3      | Killed from afar by an orc priest

Illustrated notes

Levels and vault maps discovered:
D:1:      doesnt_arrival_eight_statues, layout_loops_cross,
          ebering_ecumenical_altar_hall
D:2:      layout_basic
D:3:      layout_loops_corners, uniq_grinder

Skill      XL: |  1  2  3  4 |
---------------+-------------+-----
Fighting       | 1 2 |  2.0
Necromancy     | 1 2 3 |  3.4
Short Blades   | |  1.1
Dodging        | |  2.1
Stealth        | |  3.0
Spellcasting   | |  2.0
Hexes          | |  2.1

Action                   |  1- 3 |  4- 6 || total
-------------------------+-------+-------++-------
Melee: Dagger            |   117 |    19 ||   136
       Kick              |    29 |     3 ||    32
       Peck              |    15 |     3 ||    18
       Punch             |       |     1 ||     1
  Use: Potion            |       |     3 ||     3
 Stab: Sleeping          |     8 |     2 ||    10
Armor: Robe              |    18 |     4 ||    22
       Skin              |       |     1 ||     1
Dodge: Dodged            |    56 |     9 ||    65
